 Dungeon Crawl Stone Soup version 0.20.1-1-g8b1a95d (webtiles) character file.

216 taka the Magician (level 6, -14/43 HPs)
             Began as a Human Wanderer on Aug 20, 2017.
             Demolished by an ogre
             ... wielding a cursed -2 giant club
              (21 damage)
             ... on level 5 of the Dungeon.
             The game lasted 00:21:29 (3603 turns).

taka the Magician (Human Wanderer)                  Turns: 3603, Time: 00:21:29

Health: -14/43     AC:  3    Str: 11    XL:     6   Next: 16%
Magic:  3/12       EV: 11    Int: 14    God:
Gold:   80         SH:  0    Dex: 14    Spells: 5/14 levels left

rFire    + . .     SeeInvis .   r - +2 mace (holy)
rCold    . . .     Gourm    .   (no shield)
rNeg     . . .     Faith    .   p - +0 leather armour
rPois    .         Spirit   .   (no helmet)
rElec    .         Reflect  .   (no cloak)
rCorr    .         Harm     .   (no gloves)
MR       .....                  (no boots)
Stlth    ++........             (no amulet)
Regen    0.2/turn               j - ring of protection from fire
MPRegen  0.2/turn               (no ring)

@: very slightly contaminated
A: no striking features
a: no special abilities


You were on level 5 of the Dungeon.
You were hungry.

You visited 1 branch of the dungeon, and saw 5 of its levels.

You collected 80 gold pieces.

Inventory:

Hand Weapons
 c - a +0 mace
 d - a +0 dagger
 r - a +2 mace of holy wrath (weapon)
Armour
 b - a +0 ring mail
 p - a +0 leather armour (worn)
Jewellery
 g - an uncursed amulet of the gourmand {unknown}
 j - a ring of protection from fire (left hand)
Scrolls
 i - 3 scrolls of amnesia
 l - 6 scrolls of identify
 q - a scroll of teleportation
Potions
 e - a potion of curing
Books
 a - a book of Minor Magic

   Spells                             Type                      Level
   a - Magic Dart                     Conjuration                  1
   b - Blink                          Translocation                2
   c - Call Imp                       Summoning                    2
   d - Slow                           Hexes                        2
   e - Conjure Flame                  Conjuration/Fire             3
   f - Mephitic Cloud                 Conjuration/Poison/Air       3
Comestibles
 f - 3 bread rations
 h - a fruit
 k - 2 chunks of flesh
 m - 3 meat rations
 o - a royal jelly


   Skills:
 + Level 1.2 Fighting
 + Level 3.0 Maces & Flails
 * Level 1.6 Armour
 + Level 1.3 Dodging
 + Level 2.4 Stealth
 * Level 4.6 Spellcasting
 * Level 1.7 Conjurations
   Level 1.0 Charms
 * Level 1.4 Fire Magic
 * Level 1.0 Air Magic
 * Level 0.8 Poison Magic


You had 5 spell levels left.
You knew the following spells:

 Your Spells              Type           Power        Failure   Level  Hunger
a - Magic Dart            Conj           #...         12%         1    None
b - Blink                 Tloc           N/A          36%         2    ##.....
c - Conjure Flame         Conj/Fire      #.......     36%         3    ###....
d - Mephitic Cloud        Conj/Pois/Air  #.......     41%         3    ###....


Dungeon Overview and Level Annotations

Branches:
Dungeon (5/15)
 Temple: D:4-7

Altars:
Dithmenos

Annotations:
D:2 Sigmund


Message History

The leopard gecko bites you but does no damage.
Casting: Mephitic Cloud
Confirm with . or Enter, or press ? or * to list all spells.
Aiming: Mephitic Cloud
Press: ? - help, Shift-Dir - straight line You miscast Mephitic Cloud.
Smoke pours from your hands! The leopard gecko bites you.
* * * LOW HITPOINT WARNING * * *
The leopard gecko bites you.
* * * LOW HITPOINT WARNING * * *
You closely miss the leopard gecko. The leopard gecko bites you.
* * * LOW HITPOINT WARNING * * *
Casting: Mephitic Cloud
Confirm with . or Enter, or press ? or * to list all spells.
You blink.
An ogre comes into view. It is wielding a giant club.
You are feeling hungry.
There is a stone staircase leading up here.
The adder closely misses you. The ogre hits you with a giant club!!
You die...

#.###.###.######
#.....# #(#
#.###c###(## #
#.Z...(.#
#..#.......######
#......l.<.......
#......?.c.......
#.##.....SO###...
#. #......@# ## #
#.......#
#########


You could see an ogre, 2 centaurs, an adder, a leopard gecko and an adder
skeleton.

Vanquished Creatures
  A phantom (D:4)
  A gnoll (D:3)
  3 adders
  4 oozes (D:1)
  An adder skeleton (D:4)
  A leopard gecko (D:3)
  5 orcs
  6 bats
  3 giant cockroaches
  6 hobgoblins
  5 jackals
  3 kobolds (D:1)
  A quokka (D:1)
  6 frilled lizards
  7 goblins
  12 rats
65 creatures vanquished.

Notes
Turn   | Place    | Note
-------+----------+-------------------------------------------
     0 | D:1      | taka the Human Wanderer began the quest for the Orb.
     0 | D:1      | taka set off with: a book of Minor Magic, a +0 ring mail, a +0 mace, a +0 dagger, a bread ration
     0 | D:1      | Reached XP level 1. HP: 15/15 MP: 5/5
     2 | D:1      | Learned a level 1 spell: Magic Dart
   240 | D:1      | Reached XP level 2. HP: 21/21 MP: 7/7
   247 | D:1      | Learned a level 2 spell: Blink
   571 | D:1      | Reached XP level 3. HP: 25/26 MP: 8/8
  1359 | D:1      | Reached skill level 1 in Dodging
  1649 | D:2      | Reached skill level 1 in Conjurations
  1653 | D:2      | Reached XP level 4. HP: 25/32 MP: 10/10
  1870 | D:2      | Noticed Sigmund
  1921 | D:2      | Learned a level 3 spell: Conjure Flame
  2087 | D:2      | Learned a level 3 spell: Mephitic Cloud
  2363 | D:3      | Reached skill level 1 in Armour
  2711 | D:3      | HP: 1/32 [gnoll/flail (9)]
  2719 | D:3      | Reached XP level 5. HP: 3/37 MP: 3/11
  3403 | D:4      | Noticed a phantom
  3409 | D:4      | Killed a phantom
  3409 | D:4      | Reached skill level 1 in Fire Magic
  3409 | D:4      | Reached skill level 1 in Air Magic
  3409 | D:4      | Reached XP level 6. HP: 43/43 MP: 12/12
  3414 | D:4      | Found a shadowy altar of Dithmenos.
  3581 | D:5      | Entered Level 5 of the Dungeon
  3594 | D:5      | Noticed an ogre
  3603 | D:5      | Demolished by an ogre

Skill      XL: |  1  2  3  4  5 |
---------------+----------------+-----
Dodging        | 1 |  1.3
Conjurations   | 1 |  1.7
Armour         | 1 |  1.6
Maces & Flails | 3 |  3.0
Fire Magic     | 1 |  1.4
Air Magic      | 1 |  1.0
Fighting       | |  1.2
Stealth        | |  2.4
Spellcasting   | |  4.6
Charms         | |  1.0
Poison Magic   | |  0.8

Action                   |  1- 3 |  4- 6 || total
-------------------------+-------+-------++-------
Melee: Mace              |   102 |    93 ||   195
 Cast: Magic Dart        |    15 |    28 ||    43
       Blink             |     2 |     3 ||     5
       Conjure Flame     |       |     2 ||     2
       Mephitic Cloud    |       |     2 ||     2
  Use: Scroll            |     4 |     5 ||     9
       Potion            |     4 |     2 ||     6
 Stab: Sleeping          |     2 |     4 ||     6
  Eat: Chunk             |     3 |     6 ||     9
Armor: Ring mail         |    54 |       ||    54
       Leather armour    |     7 |    28 ||    35
Dodge: Dodged            |    56 |    79 ||   135
